 Dungeon Crawl Stone Soup version 0.18-b1-2-gd0c887e (webtiles) character file.

84 Gargoyl the Skirmisher (level 4, 0/37 HPs)
             Began as a Demonspawn Abyssal Knight on Apr 28, 2016.
             Was a Believer of Lugonu.
             Slain by a jackal (2 damage)
             ... on level 3 of the Dungeon.
             The game lasted 00:03:59 (1974 turns).

Gargoyl the Skirmisher (Demonspawn Abyssal Knight)  Turns: 1974, Time: 00:03:59

Health: 0/37       AC:  8    Str: 14    XL:     4   Next: 23%
Magic:  6/6        EV:  6    Int: 13    God:    Lugonu [**....]
Gold:   134        SH:  0    Dex: 12    Spells: 0 memorised, 3 levels left

rFire  . . .     SeeInvis +     a - +1 hand axe
rCold  + . .     Gourm    .     d - +0 chain mail
rNeg   + . .     Faith    .     (no shield)
rPois  .         Spirit   .     (no helmet)
rElec  .         Dismiss  .     (no cloak)
rCorr  .         Reflect  .     (no gloves)
SustAt .         Harm     .     (no boots)
MR     .....                    (no amulet)
Stlth  ..........               l - ring of positive energy
                                j - ring of see invisible

@: not resistant to hostile enchantments, extremely unstealthy
A: cold resistance 1, nightstalker 1
a: Depart the Abyss, Bend Space, Renounce Religion


You were on level 3 of the Dungeon.
You worshipped Lugonu.
Lugonu was pleased with you.
You were not hungry.

You visited 1 branch of the dungeon, and saw 4 of its levels.
You visited the Abyss 1 time.

You collected 134 gold pieces.

Inventory:

Hand Weapons
 a - a +1 hand axe (weapon)
Armour
 d - a +0 chain mail (worn)
Jewellery
 j - a ring of see invisible (left hand)
 l - a ring of positive energy (right hand)
Scrolls
 b - a scroll of amnesia {unknown}
 e - a scroll of remove curse {unknown}
 i - 4 scrolls of identify {unknown}
 k - a scroll of immolation {unknown}
Potions
 g - a potion of curing {unknown}
 n - a potion of berserk rage {unknown}
 o - a potion of agility {unknown}
Comestibles
 c - 3 bread rations
 f - 3 beef jerkies
 h - 2 meat rations
 m - 4 fruits


   Skills:
 + Level 4.1 Fighting
 + Level 2.3 Axes
 * Level 2.1 Armour
 + Level 1.1 Dodging
 + Level 0.2 Stealth
 + Level 3.0 Invocations


You had 3 spell levels left.
You didn't know any spells.

Dungeon Overview and Level Annotations

Branches:
Dungeon (4/15)
 Temple: D:4-7

Altars:
Ashenzari


Innate Abilities, Weirdness & Mutations

Your flesh is cold resistant.
You are slightly more attuned to the shadows.


Message History

You kill the gnoll!
Lugonu accepts your kill.
You hit the gnoll.
The gnoll is lightly wounded.
The gnoll hits you but does no damage.
The jackal bites you but does no damage.
The gnoll hits you with a flail.
You hit the jackal.
The jackal is severely wounded.
Your chain mail prevents you from hitting the gnoll.
The gnoll is lightly wounded.
The jackal bites you but does no damage.
The gnoll hits you from afar with a halberd!
* * * LOW HITPOINT WARNING * * *
The gnoll hits you but does no damage. The gnoll hits you with a flail.
* * * LOW HITPOINT WARNING * * *
The jackal bites you.
* * * LOW HITPOINT WARNING * * *
The jackal bites you.
You die...

#.... #.... ####...#
......# ..# #..)#
#.# #.gg# #.#####
#..g# #.....#
####..h##### #.....#
.......@...###.....#
##########........>#
#####.....# #.....#
#.....# #######


You could see 3 gnolls and a jackal.

Vanquished Creatures
  A gnoll (D:3)
  An adder (D:2)
  2 worms (D:2)
  3 dart slugs
  2 giant geckos
  7 bats
  3 giant cockroaches
  7 goblins
  6 hobgoblins
  A jackal (D:3)
  A quokka (D:2)
  A ball python (D:1)
  4 giant newts
  4 kobolds
  7 rats
50 creatures vanquished.

Notes
Turn   | Place    | Note
--------------------------------------------------------------
     0 | Abyss:1  | Gargoyl the Demonspawn Abyssal Knight began the quest for the Orb.
     0 | Abyss:1  | Reached XP level 1. HP: 18/18 MP: 2/2
    48 | Abyss:1  | Noticed a tentacled starspawn
    87 | Abyss:1  | Noticed a wretched star
    96 | Abyss:1  | Noticed a large abomination
   122 | Abyss:1  | Noticed a rust devil
   123 | Abyss:1  | Noticed a worldbinder
   126 | Abyss:1  | Noticed an orc priest
   126 | Abyss:1  | Noticed an orc priest
   126 | D:1      | Escaped the Abyss
   187 | D:1      | Reached * piety under Lugonu
   255 | D:1      | Gained mutation: Your flesh is cold resistant. [demonic ancestry]
   255 | D:1      | Reached XP level 2. HP: 24/24 MP: 4/4
   548 | D:1      | Reached XP level 3. HP: 29/30 MP: 5/5
   696 | D:1      | Reached ** piety under Lugonu
  1009 | D:2      | Found a shattered altar of Ashenzari.
  1219 | D:2      | Reached skill level 4 in Fighting
  1380 | D:2      | Found a faded altar to an unknown god.
  1703 | D:2      | Reached skill level 1 in Dodging
  1703 | D:2      | Gained mutation: You are slightly more attuned to the shadows. [demonic ancestry]
  1703 | D:2      | Reached XP level 4. HP: 15/37 MP: 6/6
  1927 | D:2      | You fall through a shaft for 2 floors!
  1974 | D:3      | Slain by a jackal

Skill      XL: |  1  2  3 |
---------------+----------+-----
Invocations    | 3 |  3.0
Axes           | 2 |  2.3
Armour         | 2 |  2.1
Fighting       | 4 |  4.1
Dodging        | 1 |  1.1
Stealth        | |  0.2

Action                   |  1- 3 |  4- 6 || total
-------------------------+-------+-------++-------
Melee: Hand axe          |   148 |     9 ||   157
Invok: Depart the Abyss  |     1 |       ||     1
  Eat: Chunk             |     3 |     1 ||     4
Armor: Chain mail        |   103 |    16 ||   119
Dodge: Dodged            |    47 |       ||    47
